Workbook
Name Z_8991EC95_33C8_4B42_A911_A1963F7C7C1B_.wvu.PrintArea: 'A. HTT General'!$A$1:$G$331
Name Z_8991EC95_33C8_4B42_A911_A1963F7C7C1B_.wvu.PrintArea: 'B1. HTT Mortgage Assets'!$A$1:$G$341
Name Z_8991EC95_33C8_4B42_A911_A1963F7C7C1B_.wvu.PrintArea: 'C. HTT Harmonised Glossary'!$A$1:$C$37
Name Z_8991EC95_33C8_4B42_A911_A1963F7C7C1B_.wvu.PrintArea: Introduction!$B$2:$J$39

Sheet Introduction
F5: Harmonised Transparency Template
E6: 2022 Version
F7: Polska
F8: ING Bank Hipoteczny Spółka Akcyjna
F9: Reporting Date: 12/02/24
F10: Cut-off Date: 31/12/23
F22: Index
D24: Worksheet A: HTT General | E24: Tab 1: Harmonised Transparency Template
D26: Worksheet B1: HTT Mortgage Assets
D28: Worksheet B2: HTT Public Sector Assets | E28: Tab 1: Harmonised Transparency Template
D30: Worksheet B3: HTT Shipping Assets | E30: Tab 1: Harmonised Transparency Template
D32: Worksheet C: HTT Harmonised Glossary | E32: Tab 1: Harmonised Transparency Template
D34: Covered Bond Label Disclaimer | E34: Tab 1: Harmonised Transparency Template
D36: Worksheet D & Onwards (If Any): National Transparency Template
D38: Worksheet E: Optional ECB-ECAIs data
D40: Worksheet F1: Optional Sustainable M data | E40: Tab 1: Harmonised Transparency Template
D42: Temp. Optional COVID 19 impact

Sheet A. HTT General
A1: A. Harmonised Transparency Template - General Information
B3: Reporting in Domestic Currency | C3: PLN
B5: CONTENT OF TAB A
B6: 1. Basic Facts
B7: 2. Regulatory Summary
B8: 3. General Cover Pool / Covered Bond Information | F8: `
B9: 4. References to Capital Requirements Regulation (CRR) 129(7)
B10: 5. References to Capital Requirements Regulation (CRR) 129(1)
B11: 6. Other relevant information
A13: Field Number | B13: 1. Basic Facts | I13: 1. Basic Facts | J13: =B13=I13 -> TRUE
A14: G.1.1.1 | B14: Country | C14: Polska | I14: Country | J14: =B14=I14 -> TRUE
A15: G.1.1.2 | B15: Issuer Name | C15: ING Bank Hipoteczny Spółka Akcyjna | I15: Issuer Name | J15: =B15=I15 -> TRUE
A16: G.1.1.3 | B16: Link to Issuer's Website | C16: https://www.inghipoteczny.pl/ | I16: Labelled Cover Pool Name | J16: =B16=I16 -> FALSE
A17: G.1.1.4 | B17: Cut-off date | C17: 31/12/23 | I17: Link to Issuer's Website | J17: =I17=B16 -> TRUE
A18: OG.1.1.1 | B18: Optional information e.g. Contact names | I18: Cut-off date | J18: =I18=B17 -> TRUE
A19: OG.1.1.2 | B19: Optional information e.g. Parent name | I19: Optional information e.g. Contact names | J19: =I19=B18 -> TRUE
A20: OG.1.1.3 | I20: Optional information e.g. Parent name | J20: =I20=B19 -> TRUE
A21: OG.1.1.4 | J21: =I21=B20 -> TRUE
A22: OG.1.1.5
A23: OG.1.1.6
A24: OG.1.1.7
A25: OG.1.1.8
B26: 2. Regulatory Summary | I26: 2. Regulatory Summary | J26: =I26=B26 -> TRUE
A27: G.2.1.1 | B27: UCITS Compliance (Y/N) | C27: Y | I27: Basel Compliance, subject to national jursdiction (Y/N) | J27: =I27=B27 -> FALSE
A28: G.2.1.2 | B28: CRR Compliance (Y/N) | C28: Y | I28: CBD Compliance | J28: =I28=B28 -> FALSE
A29: G.2.1.3 | B29: Solvency II compliance | C29: Yes | I29: CRR Compliance (Y/N) | J29: =I29=B28 -> TRUE
A30: OG.2.1.1 | I30: LCR status | J30: =I30=B29 -> FALSE
A31: OG.2.1.2
A32: OG.2.1.3
A33: OG.2.1.4
A34: OG.2.1.5
A35: OG.2.1.6
B36: 3. General Cover Pool / Covered Bond Information | I36: 3. General Cover Pool / Covered Bond Information
B37: 1.General Information | C37: Nominal (mn) | I37: 1.General Information
A38: G.3.1.1 | B38: Total Cover Assets | C38: =C58 -> 2421.7024 | I38: Total Cover Assets
A39: G.3.1.2 | B39: Outstanding Covered Bonds | C39: 400 | I39: Outstanding Covered Bonds
A40: OG.3.1.1 | B40: Cover Pool Size [NPV] (mn) | C40: ND1 | I40: Cover Pool Size [NPV] (mn)
A41: OG.3.1.2 | B41: Outstanding Covered Bonds [NPV] (mn) | C41: ND1 | I41: Outstanding Covered Bonds [NPV] (mn)
A42: OG.3.1.3
A43: OG.3.1.4
B44: 2. Over-collateralisation (OC) | C44: Legal | D44: Actual | F44: Minimum Committed | G44: Purpose | I44: 2. Over-collateralisation (OC)
A45: G.3.2.1 | B45: OC (%) | C45: 0.05 | D45: =C38/C39-1 -> 5.0542559 | F45: ND2 | G45: ND2 | I45: OC (%)
A46: OG.3.2.1 | B46: Optional information e.g. Asset Coverage Test (ACT)
A47: OG.3.2.2 | B47: Optional information e.g. OC (NPV basis) | I47: Total OC (absolute value in mn)
A48: OG.3.2.3
A49: OG.3.2.4 | I49: Optional information e.g. Asset Coverage Test (ACT)
A50: OG.3.2.5 | I50: Optional information e.g. OC (NPV basis)
A51: OG.3.2.6
B52: 3. Cover Pool Composition | C52: Nominal (mn) | F52: % Cover Pool | I52: 3. Cover Pool Composition
A53: G.3.3.1 | B53: Mortgages | C53: 2391.7024 | F53: =IF($C$58=0,"",IF(C53="[for completion]","",C53/$C$58)) -> 0.98761202 | I53: Mortgages
A54: G.3.3.2 | B54: Public Sector | C54: 0 | F54: =IF($C$58=0,"",IF(C54="[for completion]","",C54/$C$58)) -> 0 | I54: Public Sector
A55: G.3.3.3 | B55: Shipping | C55: 0 | F55: =IF($C$58=0,"",IF(C55="[for completion]","",C55/$C$58)) -> 0 | I55: Shipping
A56: G.3.3.4 | B56: Substitute Assets | C56: =MAX(30, 0) -> 30 | F56: =IF($C$58=0,"",IF(C56="[for completion]","",C56/$C$58)) -> 0.01238798 | I56: Substitute Assets
A57: G.3.3.5 | B57: Other | C57: 0 | F57: =IF($C$58=0,"",IF(C57="[for completion]","",C57/$C$58)) -> 0 | I57: Other
A58: G.3.3.6 | B58: Total | C58: =SUM(C53:C57) -> 2421.7024 | F58: =SUM(F53:F57) -> 1 | I58: Total
A59: OG.3.3.1 | B59: o/w [If relevant, please specify] | F59: =IF($C$58=0,"",IF(C59="","",C59/$C$58)) | I59: o/w [If relevant, please specify]
A60: OG.3.3.2 | B60: o/w [If relevant, please specify] | F60: =IF($C$58=0,"",IF(C60="","",C60/$C$58)) | I60: o/w [If relevant, please specify]
A61: OG.3.3.3 | B61: o/w [If relevant, please specify] | F61: =IF($C$58=0,"",IF(C61="","",C61/$C$58)) | I61: o/w [If relevant, please specify]
A62: OG.3.3.4 | B62: o/w [If relevant, please specify] | F62: =IF($C$58=0,"",IF(C62="","",C62/$C$58)) | I62: o/w [If relevant, please specify]
A63: OG.3.3.5 | B63: o/w [If relevant, please specify] | F63: =IF($C$58=0,"",IF(C63="","",C63/$C$58)) | I63: o/w [If relevant, please specify]
A64: OG.3.3.6 | B64: o/w [If relevant, please specify] | F64: =IF($C$58=0,"",IF(C64="","",C64/$C$58)) | I64: o/w [If relevant, please specify]
B65: 4. Cover Pool Amortisation Profile | C65: Contractual (mn) | D65: Expected Upon Prepayments (mn) | F65: % Total Contractual | G65: % Total Expected Upon Prepayments | I65: 4. Cover Pool Amortisation Profile
A66: G.3.4.1 | B66: Weighted Average life (in years) | C66: 18.41 | D66: ND1 | I66: Weighted Average Life (in years)
B68: Residual Life (mn) | I68: Residual Life (mn)
B69: By buckets: | I69: By buckets:
A70: G.3.4.2 | B70: 0 - 1 Y | C70: 94.541524 | D70: ND1 | F70: =IF($C$77=0,"",IF(C70="[for completion]","",C70/$C$77)) -> 0.039039283 | G70: =IF($D$77=0,"",IF(D70="ND1","",D70/$D$77)) | I70: 0 - 1 Y
A71: G.3.4.3 | B71: 1 - 2 Y | C71: 99.489377 | D71: ND1 | F71: =IF($C$77=0,"",IF(C71="[for completion]","",C71/$C$77)) -> 0.041082413 | G71: =IF($D$77=0,"",IF(D71="ND1","",D71/$D$77)) | I71: 1 - 2 Y
A72: G.3.4.4 | B72: 2 - 3 Y | C72: 132.80178 | D72: ND1 | F72: =IF($C$77=0,"",IF(C72="[for completion]","",C72/$C$77)) -> 0.054838191 | G72: =IF($D$77=0,"",IF(D72="ND1","",D72/$D$77)) | I72: 2 - 3 Y
A73: G.3.4.5 | B73: 3 - 4 Y | C73: 98.823951 | D73: ND1 | F73: =IF($C$77=0,"",IF(C73="[for completion]","",C73/$C$77)) -> 0.040807637 | G73: =IF($D$77=0,"",IF(D73="ND1","",D73/$D$77)) | I73: 3 - 4 Y
A74: G.3.4.6 | B74: 4 - 5 Y | C74: 94.044827 | D74: ND1 | F74: =IF($C$77=0,"",IF(C74="[for completion]","",C74/$C$77)) -> 0.03883418 | G74: =IF($D$77=0,"",IF(D74="ND1","",D74/$D$77)) | I74: 4 - 5 Y
A75: G.3.4.7 | B75: 5 - 10 Y | C75: 409.2498 | D75: ND1 | F75: =IF($C$77=0,"",IF(C75="[for completion]","",C75/$C$77)) -> 0.16899261 | G75: =IF($D$77=0,"",IF(D75="ND1","",D75/$D$77)) | I75: 5 - 10 Y
A76: G.3.4.8 | B76: 10+ Y | C76: 1492.7511 | D76: ND1 | F76: =IF($C$77=0,"",IF(C76="[for completion]","",C76/$C$77)) -> 0.61640569 | G76: =IF($D$77=0,"",IF(D76="ND1","",D76/$D$77)) | I76: 10+ Y
A77: G.3.4.9 | B77: Total | C77: =SUM(C70:C76) -> 2421.7024 | D77: ND1 | F77: =SUM(F70:F76) -> 1 | G77: =IF($D$77=0,"",IF(D77="ND1","",D77/$D$77)) | I77: Total
A78: OG.3.4.1 | B78: o/w 0-1 day | C78: 0 | D78: ND1 | F78: =IF($C$77=0,"",IF(C78="[for completion]","",C78/$C$77)) -> 0 | G78: =IF($D$77=0,"",IF(D78="ND1","",D78/$D$77)) | I78: o/w 0-1 day
A79: OG.3.4.2 | B79: o/w 0-0.5y | C79: 46.63808 | D79: ND1 | F79: =IF($C$77=0,"",IF(C79="[for completion]","",C79/$C$77)) -> 0.019258386 | G79: =IF($D$77=0,"",IF(D79="ND1","",D79/$D$77)) | I79: o/w 0-0.5y
A80: OG.3.4.3 | B80: o/w 0.5-1 y | C80: 47.903445 | D80: ND1 | F80: =IF($C$77=0,"",IF(C80="[for completion]","",C80/$C$77)) -> 0.019780897 | G80: =IF($D$77=0,"",IF(D80="ND1","",D80/$D$77)) | I80: o/w 0.5-1 y
A81: OG.3.4.4 | B81: o/w 1-1.5y | C81: 49.522806 | D81: ND1 | F81: =IF($C$77=0,"",IF(C81="[for completion]","",C81/$C$77)) -> 0.020449584 | G81: =IF($D$77=0,"",IF(D81="ND1","",D81/$D$77)) | I81: o/w 1-1.5y
A82: OG.3.4.5 | B82: o/w 1.5-2 y | C82: 49.966571 | D82: ND1 | F82: =IF($C$77=0,"",IF(C82="[for completion]","",C82/$C$77)) -> 0.020632829 | G82: =IF($D$77=0,"",IF(D82="ND1","",D82/$D$77)) | I82: o/w 1.5-2 y
A83: OG.3.4.6 | G83: =IF($D$77=0,"",IF(D83="","",D83/$D$77))
A84: OG.3.4.7 | G84: =IF($D$77=0,"",IF(D84="","",D84/$D$77))
A85: OG.3.4.8 | G85: =IF($D$77=0,"",IF(D85="","",D85/$D$77))
A86: OG.3.4.9 | F86: =IF($C$77=0,"",IF(C86="[for completion]","",C86/$C$77)) -> 0 | G86: =IF($D$77=0,"",IF(D86="","",D86/$D$77))
A87: OG.3.4.10 | F87: =IF($C$77=0,"",IF(C87="[for completion]","",C87/$C$77)) -> 0 | G87: =IF($D$77=0,"",IF(D87="","",D87/$D$77))
B88: 5. Maturity of Covered Bonds | C88: Initial Maturity (mn) | D88: Extended Maturity (mn) | F88: % Total Initial Maturity | G88: % Total Extended Maturity | I88: 5. Maturity of Covered Bonds
A89: G.3.5.1 | B89: Weighted Average life (in years) | C89: 0.78 | D89: 1.78 | I89: Weighted Average life (in years)
B91: Maturity (mn) | I91: Maturity (mn)
A92: G.3.5.2 | B92: By buckets: | I92: By buckets:
A93: G.3.5.3 | B93: 0 - 1 Y | C93: 400 | D93: 0 | F93: =IF($C$100=0,"",IF(C93="[for completion]","",C93/$C$100)) -> 1 | G93: =IF($D$100=0,"",IF(D93="[Mark as ND1 if not relevant]","",D93/$D$100)) -> 0 | I93: 0 - 1 Y
A94: G.3.5.4 | B94: 1 - 2 Y | C94: 0 | D94: 400 | F94: =IF($C$100=0,"",IF(C94="[for completion]","",C94/$C$100)) -> 0 | G94: =IF($D$100=0,"",IF(D94="[Mark as ND1 if not relevant]","",D94/$D$100)) -> 1 | I94: 1 - 2 Y
A95: G.3.5.5 | B95: 2 - 3 Y | C95: 0 | D95: 0 | F95: =IF($C$100=0,"",IF(C95="[for completion]","",C95/$C$100)) -> 0 | G95: =IF($D$100=0,"",IF(D95="[Mark as ND1 if not relevant]","",D95/$D$100)) -> 0 | I95: 2 - 3 Y
A96: G.3.5.6 | B96: 3 - 4 Y | C96: 0 | D96: 0 | F96: =IF($C$100=0,"",IF(C96="[for completion]","",C96/$C$100)) -> 0 | G96: =IF($D$100=0,"",IF(D96="[Mark as ND1 if not relevant]","",D96/$D$100)) -> 0 | I96: 3 - 4 Y
A97: G.3.5.7 | B97: 4 - 5 Y | C97: 0 | D97: 0 | F97: =IF($C$100=0,"",IF(C97="[for completion]","",C97/$C$100)) -> 0 | G97: =IF($D$100=0,"",IF(D97="[Mark as ND1 if not relevant]","",D97/$D$100)) -> 0 | I97: 4 - 5 Y
A98: G.3.5.8 | B98: 5 - 10 Y | C98: 0 | D98: 0 | F98: =IF($C$100=0,"",IF(C98="[for completion]","",C98/$C$100)) -> 0 | G98: =IF($D$100=0,"",IF(D98="[Mark as ND1 if not relevant]","",D98/$D$100)) -> 0 | I98: 5 - 10 Y
A99: G.3.5.9 | B99: 10+ Y | C99: 0 | D99: 0 | F99: =IF($C$100=0,"",IF(C99="[for completion]","",C99/$C$100)) -> 0 | G99: =IF($D$100=0,"",IF(D99="[Mark as ND1 if not relevant]","",D99/$D$100)) -> 0 | I99: 10+ Y
A100: G.3.5.10 | B100: Total | C100: =SUM(C93:C99) -> 400 | D100: =SUM(D93:D99) -> 400 | F100: =SUM(F93:F99) -> 1 | G100: =SUM(G93:G99) -> 1 | I100: Total
A101: OG.3.5.1 | B101: o/w 0-1 day | C101: 0 | D101: 0 | F101: =IF($C$100=0,"",IF(C101="[for completion]","",C101/$C$100)) -> 0 | G101: =IF($D$100=0,"",IF(D101="[for completion]","",D101/$D$100)) -> 0 | I101: o/w 0-1 day
A102: OG.3.5.2 | B102: o/w 0-0.5y | C102: 0 | D102: 0 | F102: =IF($C$100=0,"",IF(C102="[for completion]","",C102/$C$100)) -> 0 | G102: =IF($D$100=0,"",IF(D102="[for completion]","",D102/$D$100)) -> 0 | I102: o/w 0-0.5y
A103: OG.3.5.3 | B103: o/w 0.5-1 y | C103: 400 | D103: 0 | F103: =IF($C$100=0,"",IF(C103="[for completion]","",C103/$C$100)) -> 1 | G103: =IF($D$100=0,"",IF(D103="[for completion]","",D103/$D$100)) -> 0 | I103: o/w 0.5-1 y
A104: OG.3.5.4 | B104: o/w 1-1.5y | C104: 0 | D104: 0 | F104: =IF($C$100=0,"",IF(C104="[for completion]","",C104/$C$100)) -> 0 | G104: =IF($D$100=0,"",IF(D104="[for completion]","",D104/$D$100)) -> 0 | I104: o/w 1-1.5y
A105: OG.3.5.5 | B105: o/w 1.5-2 y | C105: 0 | D105: 400 | F105: =IF($C$100=0,"",IF(C105="[for completion]","",C105/$C$100)) -> 0 | G105: =IF($D$100=0,"",IF(D105="[for completion]","",D105/$D$100)) -> 1 | I105: o/w 1.5-2 y
...

Sheet B1. HTT Mortgage Assets
A1: B1. Harmonised Transparency Template - Mortgage Assets
B3: Reporting in Domestic Currency | C3: PLN
B5: CONTENT OF TAB B1
B6: 7. Mortgage Assets
B7: 7.A Residential Cover Pool
B8: 7.B Commercial Cover Pool
A10: Field Number | B10: 7. Mortgage Assets
B11: 1. Property Type Information | C11: Nominal (mn) | F11: % Total Mortgages
A12: M.7.1.1 | B12: Residential | C12: 2391.7024 | F12: =IF($C$15=0,"",IF(C12="[for completion]","",C12/$C$15)) -> 1
A13: M.7.1.2 | B13: Commercial | C13: 0 | F13: =IF($C$15=0,"",IF(C13="[for completion]","",C13/$C$15)) -> 0
A14: M.7.1.3 | B14: Other | C14: 0 | F14: =IF($C$15=0,"",IF(C14="[for completion]","",C14/$C$15)) -> 0
A15: M.7.1.4 | B15: Total | C15: =SUM(C12:C14) -> 2391.7024 | F15: =SUM(F12:F14) -> 1
A16: OM.7.1.1 | B16: o/w Housing Cooperatives / Multi-family assets | F16: =IF($C$15=0,"",IF(C16="","",C16/$C$15))
A17: OM.7.1.2 | B17: o/w Forest & Agriculture | F17: =IF($C$15=0,"",IF(C17="","",C17/$C$15))
A18: OM.7.1.3 | B18: o/w [If relevant, please specify] | F18: =IF($C$15=0,"",IF(C18="","",C18/$C$15))
A19: OM.7.1.4 | B19: o/w [If relevant, please specify] | F19: =IF($C$15=0,"",IF(C19="","",C19/$C$15))
A20: OM.7.1.5 | B20: o/w [If relevant, please specify] | F20: =IF($C$15=0,"",IF(C20="","",C20/$C$15))
A21: OM.7.1.6 | B21: o/w [If relevant, please specify] | F21: =IF($C$15=0,"",IF(C21="","",C21/$C$15))
A22: OM.7.1.7 | B22: o/w [If relevant, please specify] | F22: =IF($C$15=0,"",IF(C22="","",C22/$C$15))
A23: OM.7.1.8 | B23: o/w [If relevant, please specify] | F23: =IF($C$15=0,"",IF(C23="","",C23/$C$15))
A24: OM.7.1.9 | B24: o/w [If relevant, please specify] | F24: =IF($C$15=0,"",IF(C24="","",C24/$C$15))
A25: OM.7.1.10 | B25: o/w [If relevant, please specify] | F25: =IF($C$15=0,"",IF(C25="","",C25/$C$15))
A26: OM.7.1.11 | B26: o/w [If relevant, please specify] | F26: =IF($C$15=0,"",IF(C26="","",C26/$C$15))
B27: 2. General Information | C27: Residential Loans | D27: Commercial Loans | F27: Total Mortgages
A28: M.7.2.1 | B28: Number of mortgage loans | C28: 14833 | F28: 14833
A29: OM.7.2.1 | B29: Optional information eg, Number of borrowers | C29: 25333 | F29: =SUM(C29:D29) -> 25333
A30: OM.7.2.2 | B30: Optional information eg, Number of guarantors
A31: OM.7.2.3
A32: OM.7.2.4
A33: OM.7.2.5
A34: OM.7.2.6
B35: 3. Concentration Risks | C35: % Residential Loans | D35: % Commercial Loans | F35: % Total Mortgages
A36: M.7.3.1 | B36: 10 largest exposures | C36: =6.71786481/C12 -> 0.0028088214 | D36: 0 | F36: =6.71786481/(C12+C13+C14) -> 0.0028088214
A37: OM.7.3.1
A38: OM.7.3.2
A39: OM.7.3.3
A40: OM.7.3.4
A41: OM.7.3.5
A42: OM.7.3.6
B43: 4. Breakdown by Geography | C43: % Residential Loans | D43: % Commercial Loans | F43: % Total Mortgages
A44: M.7.4.1 | B44: European Union | C44: =SUM(C45:C71) -> 1 | D44: =SUM(D45:D71) -> 1 | F44: =SUM(F45:F71) -> 1
A45: M.7.4.2 | B45: Austria | C45: 0 | D45: 0 | F45: 0
A46: M.7.4.3 | B46: Belgium | C46: 0 | D46: 0 | F46: 0
A47: M.7.4.4 | B47: Bulgaria | C47: 0 | D47: 0 | F47: 0
A48: M.7.4.5 | B48: Croatia | C48: 0 | D48: 0 | F48: 0
A49: M.7.4.6 | B49: Cyprus | C49: 0 | D49: 0 | F49: 0
A50: M.7.4.7 | B50: Czechia | C50: 0 | D50: 0 | F50: 0
A51: M.7.4.8 | B51: Denmark | C51: 0 | D51: 0 | F51: 0
A52: M.7.4.9 | B52: Estonia | C52: 0 | D52: 0 | F52: 0
A53: M.7.4.10 | B53: Finland | C53: 0 | D53: 0 | F53: 0
A54: M.7.4.11 | B54: France | C54: 0 | D54: 0 | F54: 0
A55: M.7.4.12 | B55: Germany | C55: 0 | D55: 0 | F55: 0
A56: M.7.4.13 | B56: Greece | C56: 0 | D56: 0 | F56: 0
... A71: M.7.4.28 | B71: Sweden | C71: 0 | D71: 0 | F71: 0
A72: M.7.4.29 | B72: European Economic Area (not member of EU) | C72: =SUM(C73:C75) -> 0 | D72: =SUM(D73:D75) -> 0 | F72: =SUM(F73:F75) -> 0
A73: M.7.4.30 | B73: Iceland | C73: 0 | D73: 0 | F73: 0
A74: M.7.4.31 | B74: Liechtenstein | C74: 0 | D74: 0 | F74: 0
A75: M.7.4.32 | B75: Norway | C75: 0 | D75: 0 | F75: 0
A76: M.7.4.33 | B76: Other | C76: =SUM(C77:C87) -> 0 | D76: =SUM(D77:D87) -> 0 | F76: =SUM(F77:F87) -> 0
A77: M.7.4.34 | B77: Switzerland | C77: 0 | D77: 0 | F77: 0
A78: M.7.4.35 | B78: United Kingdom | C78: 0 | D78: 0 | F78: 0
A79: M.7.4.36 | B79: Australia | C79: 0 | D79: 0 | F79: 0
A80: M.7.4.37 | B80: Brazil | C80: 0 | D80: 0 | F80: 0
A81: M.7.4.38 | B81: Canada | C81: 0 | D81: 0 | F81: 0
A82: M.7.4.39 | B82: Japan | C82: 0 | D82: 0 | F82: 0
A83: M.7.4.40 | B83: Korea | C83: 0 | D83: 0 | F83: 0
A84: M.7.4.41 | B84: New Zealand | C84: 0 | D84: 0 | F84: 0
A85: M.7.4.42 | B85: Singapore | C85: 0 | D85: 0 | F85: 0
A86: M.7.4.43 | B86: US | C86: 0 | D86: 0 | F86: 0
A87: M.7.4.44 | B87: Other | C87: 0 | D87: 0 | F87: 0
A88: OM.7.4.1 | B88: o/w [If relevant, please specify]
A89: OM.7.4.2 | B89: o/w [If relevant, please specify]
A90: OM.7.4.3 | B90: o/w [If relevant, please specify]
A91: OM.7.4.4 | B91: o/w [If relevant, please specify]
A92: OM.7.4.5 | B92: o/w [If relevant, please specify]
A93: OM.7.4.6 | B93: o/w [If relevant, please specify]
A94: OM.7.4.7 | B94: o/w [If relevant, please specify]
A95: OM.7.4.8 | B95: o/w [If relevant, please specify]
A96: OM.7.4.9 | B96: o/w [If relevant, please specify]
A97: OM.7.4.10 | B97: o/w [If relevant, please specify]
B98: 5. Breakdown by domestic regions | C98: % Residential Loans | D98: % Commercial Loans | F98: % Total Mortgages
A99: M.7.5.1 | B99: Województwo dolnośląskie | C99: =303.64013041/C12 -> 0.12695565 | D99: 0 | F99: =(C99*$C$12+D99*$C$13)/$C$15 -> 0.12695565
A100: M.7.5.2 | B100: Województwo kujawsko-pomorskie | C100: =79.58229898/C12 -> 0.033274332 | D100: 0 | F100: =(C100*$C$12+D100*$C$13)/$C$15 -> 0.033274332
A101: M.7.5.3 | B101: Województwo lubelskie | C101: =54.86689776/C12 -> 0.022940521 | D101: 0 | F101: =(C101*$C$12+D101*$C$13)/$C$15 -> 0.022940521
A102: M.7.5.4 | B102: Województwo lubuskie | C102: =37.63103144/C12 -> 0.015733994 | D102: 0 | F102: =(C102*$C$12+D102*$C$13)/$C$15 -> 0.015733994
A103: M.7.5.5 | B103: Województwo łódzkie | C103: =81.44082367/C12 -> 0.034051404 | D103: 0 | F103: =(C103*$C$12+D103*$C$13)/$C$15 -> 0.034051404
A104: M.7.5.6 | B104: Województwo małopolskie | C104: =368.05963156/C12 -> 0.15389023 | D104: 0 | F104: =(C104*$C$12+D104*$C$13)/$C$15 -> 0.15389023
A105: M.7.5.7 | B105: Województwo mazowieckie | C105: =468.73468822/C12 -> 0.1959837 | D105: 0 | F105: =(C105*$C$12+D105*$C$13)/$C$15 -> 0.1959837
A106: M.7.5.8 | B106: Województwo opolskie | C106: =66.0819897/C12 -> 0.027629688 | D106: 0 | F106: =(C106*$C$12+D106*$C$13)/$C$15 -> 0.027629688
A107: M.7.5.9 | B107: Województwo podkarpackie | C107: =49.83362045/C12 -> 0.020836046 | D107: 0 | F107: =(C107*$C$12+D107*$C$13)/$C$15 -> 0.020836046
A108: M.7.5.10 | B108: Województwo podlaskie | C108: =36.48520487/C12 -> 0.01525491 | D108: 0 | F108: =(C108*$C$12+D108*$C$13)/$C$15 -> 0.01525491
A109: M.7.5.11 | B109: Województwo pomorskie | C109: =144.73186923/C12 -> 0.060514164 | D109: 0 | F109: =(C109*$C$12+D109*$C$13)/$C$15 -> 0.060514164
A110: M.7.5.12 | B110: Województwo śląskie | C110: =355.86763671/C12 -> 0.14879261 | D110: 0 | F110: =(C110*$C$12+D110*$C$13)/$C$15 -> 0.14879261
A111: M.7.5.13 | B111: Województwo świętokrzyskie | C111: =26.02001448/C12 -> 0.010879286 | D111: 0 | F111: =(C111*$C$12+D111*$C$13)/$C$15 -> 0.010879286
A112: M.7.5.14 | B112: Województwo warmińsko-mazurskie | C112: =27.72948913/C12 -> 0.011594038 | D112: 0 | F112: =(C112*$C$12+D112*$C$13)/$C$15 -> 0.011594038
A113: M.7.5.15 | B113: Województwo wielkopolskie | C113: =225.79123756/C12 -> 0.094406077 | D113: 0 | F113: =(C113*$C$12+D113*$C$13)/$C$15 -> 0.094406077
A114: M.7.5.16 | B114: Województwo zachodniopomorskie | C114: =65.20580773/C12 -> 0.027263345 | D114: 0 | F114: =(C114*$C$12+D114*$C$13)/$C$15 -> 0.027263345
A115: M.7.5.17 | B115: TBC at a country level | C115: [For completion] | D115: [For completion] | F115: [For completion]
A116: M.7.5.18 | B116: TBC at a country level | C116: [For completion] | D116: [For completion] | F116: [For completion]
A117: M.7.5.19 | B117: TBC at a country level | C117: [For completion] | D117: [For completion] | F117: [For completion]
...

Sheet C. HTT Harmonised Glossary
A1: C. Harmonised Transparency Template - Glossary
A3: The definitions below reflect the national specificities
A5: Field Number | B5: 1. Glossary - Standard Harmonised Items | C5: [Insert Definition Below]
A6: HG.1.1 | B6: OC Calculation: Actual | C6: [For completion]
A7: HG.1.2 | B7: OC Calculation: Legal minimum | C7: [For completion]
A8: HG.1.3 | B8: OC Calculation: Committed | C8: [For completion]
A9: HG.1.4 | B9: Interest Rate Types | C9: [For completion]
A10: HG.1.5 | B10: Residual Life Buckets of Cover assets [i.e. how is the contractual and/or expected residual life defined? What assumptions eg, in terms of prepayments? etc.] | C10: [For completion]
A11: HG.1.6 | B11: Maturity Buckets of Covered Bonds [i.e. how is the contractual and/or expected maturity defined? What maturity structure (hard bullet, soft bullet, conditional pass through)? Under what conditions/circumstances? Etc.] | C11: [For completion]
A12: HG.1.7 | B12: LTVs: Definition | C12: [For completion]
A13: HG.1.8 | B13: LTVs: Calculation of property/shipping value
A14: HG.1.9 | B14: LTVs: Applied property/shipping valuation techniques, including whether use of index, Automated Valuation Model (AVM) or on-site audits
A15: HG.1.10 | B15: LTVs: Frequency and time of last valuation
A16: HG.1.11 | B16: Explain how mortgage types are defined whether for residential housing, multi-family housing, commercial real estate, etc. Same for shipping where relecvant | C16: [For completion]
A17: HG.1.12 | B17: Hedging Strategy (please explain how you address interest rate and currency risk) | C17: [For completion]
A18: HG.1.13 | B18: Non-performing loans | C18: [For completion]
A19: OHG.1.1 | B19: NPV assumptions (when stated)
A20: OHG.1.2
A21: OHG.1.3
A22: OHG.1.4
A23: OHG.1.5
B24: 2. Reason for No Data | C24: Value
A25: HG.2.1 | B25: Not applicable for the jurisdiction | C25: ND1
A26: HG.2.2 | B26: Not relevant for the issuer and/or CB programme at the present time | C26: ND2
A27: HG.2.3 | B27: Not available at the present time | C27: ND3
A28: HG.2.1
A29: OHG.2.1
A30: OHG.2.2
B31: 3. Glossary - Extra national and/or Issuer Items | C31: [Insert Definition Below]
A32: HG.3.1 | B32: Other definitions deemed relevant | C32: [For completion]
A33: OHG.3.1
A34: OHG.3.2
A35: OHG.3.3
A36: OHG.3.4
A37: OHG.3.5

Sheet E. Optional ECB-ECAIs data
A1: This addendum is optional
A2: E. Harmonised Transparency Template - Optional ECB - ECAIs Data Disclosure | F2: HTT 2022
B4: Reporting in Domestic Currency | C4: [Please insert currency] | I4: Reason for No Data in Worksheet E. | J4: Value
I5: Not applicable for the jurisdiction | J5: ND1
B6: CONTENT OF TAB E | I6: Not relevant for the issuer and/or CB programme at the present time | J6: ND2
B7: 1. Additional information on the programme | I7: Not available at the present time | J7: ND3
B8: 2. Additional information on the swaps | I8: Confidential | J8: ND4
B9: 3. Additional information on the asset distribution
I10: * Legal Entity Identifier (LEI) finder: http://www.lei-lookup.com/#!search
I11: ** Weighted Average Maturity = Remaining Term to Maturity
A12: Field Number | B12: 1. Additional information on the programme
B13: Transaction Counterparties | C13: Name | D13: Legal Entity Identifier (LEI)*
A14: E.1.1.1 | B14: Sponsor (if applicable) | C14: Example Bank | D14: Example Bank
A15: E.1.1.2 | B15: Servicer | C15: [For completion] | D15: [For completion]
A16: E.1.1.3 | B16: Back-up servicer | C16: [For completion] | D16: [For completion]
A17: E.1.1.4 | B17: BUS facilitator | C17: [For completion] | D17: [For completion]
A18: E.1.1.5 | B18: Cash manager | C18: [For completion] | D18: [For completion]
A19: E.1.1.6 | B19: Back-up cash manager | C19: [For completion] | D19: [For completion]
A20: E.1.1.7 | B20: Account bank | C20: [For completion] | D20: [For completion]
A21: E.1.1.8 | B21: Standby account bank | C21: [For completion] | D21: [For completion]
A22: E.1.1.9 | B22: Account bank guarantor | C22: [For completion] | D22: [For completion]
A23: E.1.1.10 | B23: Trustee | C23: [For completion] | D23: [For completion]
A24: E.1.1.11 | B24: Cover Pool Monitor | C24: [For completion] | D24: [For completion]
A25: OE.1.1.1 | B25: where applicable - paying agent | C25: [For completion] | D25: [For completion]
A26: OE.1.1.2
A27: OE.1.1.3
A28: OE.1.1.4
A29: OE.1.1.5
A30: OE.1.1.6
A31: OE.1.1.7
A32: OE.1.1.8
B33: 2. Additional information on the swaps
B34: Swap Counterparties | C34: Guarantor (if applicable) | D34: Legal Entity Identifier (LEI)* | E34: Type of Swap
A35: E.2.1.1 | B35: Example Bank | C35: Example Guarantor | D35: Example Bank(LEI) | E35: FX
A36: E.2.1.2 | B36: Counterparty 2 | C36: [For completion] | D36: [For completion] | E36: [For completion]
A37: E.2.1.3 | B37: Counterparty 3 | C37: [For completion] | D37: [For completion] | E37: [For completion]
A38: E.2.1.4 | B38: Counterparty 4 | C38: [For completion] | D38: [For completion] | E38: [For completion]
A39: E.2.1.5 | B39: Counterparty 5 | C39: [For completion] | D39: [For completion] | E39: [For completion]
A40: E.2.1.6 | B40: Counterparty 6 | C40: [For completion] | D40: [For completion] | E40: [For completion]
A41: E.2.1.7 | B41: Counterparty 7 | C41: [For completion] | D41: [For completion] | E41: [For completion]
A42: E.2.1.8 | B42: Counterparty 8 | C42: [For completion] | D42: [For completion] | E42: [For completion]
A43: E.2.1.9 | B43: Counterparty 9 | C43: [For completion] | D43: [For completion] | E43: [For completion]
A44: E.2.1.10 | B44: Counterparty 10 | C44: [For completion] | D44: [For completion] | E44: [For completion]
A45: E.2.1.11 | B45: Counterparty 11 | C45: [For completion] | D45: [For completion] | E45: [For completion]
A46: E.2.1.12 | B46: Counterparty 12 | C46: [For completion] | D46: [For completion] | E46: [For completion]
... A59: E.2.1.25 | B59: Counterparty 25 | C59: [For completion] | D59: [For completion] | E59: [For completion]
A60: OE.2.1.1
A61: OE.2.1.2
A62: OE.2.1.3
A63: OE.2.1.4
A64: OE.2.1.5
A65: OE.2.1.6
A66: OE.2.1.7
A67: OE.2.1.8
A68: OE.2.1.9
A69: OE.2.1.10
A70: OE.2.1.11
A71: OE.2.1.12
A72: OE.2.1.13
B73: 3. Additional information on the asset distribution
B74: 1. General Information | C74: Total Assets
A75: E.3.1.1 | B75: Weighted Average Seasoning (months) | C75: =113507694173.49/(2391702371.9+'A. HTT General'!C179*1000000) -> 46.871034
A76: E.3.1.2 | B76: Weighted Average Maturity (months)** | C76: =593373681267.779/(2391702371.9+'A. HTT General'!C179*1000000) -> 245.02337
A77: OE.3.1.1
A78: OE.3.1.2
A79: OE.3.1.3
A80: OE.3.1.4
B81: 2. Arrears | C81: % Residential Loans | D81: % Commercial Loans | E81: % Public Sector Assets | F81: % Shipping Loans | G81: % Total Loans
A82: E.3.2.1 | B82: 1-<30 days | C82: 0.0027265669 | D82: 0 | E82: [For completion] | F82: [For completion] | G82: 0.0027265669
A83: E.3.2.2 | B83: 30-<60 days | C83: 0.00043459586 | D83: 0 | E83: [For completion] | F83: [For completion] | G83: 0.00043459586
A84: E.3.2.3 | B84: 60-<90 days | C84: 8.5220131e-05 | D84: 0 | E84: [For completion] | F84: [For completion] | G84: 8.5220131e-05
A85: E.3.2.4 | B85: 90-<180 days | C85: 0.00013303184 | D85: 0 | E85: [For completion] | F85: [For completion] | G85: 0.00013303184
A86: E.3.2.5 | B86: >= 180 days | C86: 0 | D86: 0 | E86: [For completion] | F86: [For completion] | G86: 0
A87: OE.3.2.1
A88: OE.3.2.2
A89: OE.3.2.3
A90: OE.3.2.4

Sheet F1. Optional Sustainable M data
A1: This addendum is optional
A2: F1. Harmonised Transparency Template - Optional Sustainable Mortgage Data | F2: HTT 2022
B4: Reporting in Domestic Currency | C4: [Please insert currency]
B6: CONTENT OF TAB F1
B7: 1. Share of sustainable loans in the total mortgage program
B8: 2. Additional information on the sustainable section of the mortgage stock
B9: 2A. Sustainable Residential Cover Pool
B10: 2B. Sustainable Commercial Cover Pool
B14: 1. Share of sustainable loans in the total mortgage program
B15: 1. Amount of sustainable loans | C15: Nominal (mn) | D15: Number of loans | F15: % Nominal (mn) to total mortgage program | G15: % No. of Loans to total mortgage program
A16: SM.1.1.1 | B16: EE mortgage loans | C16: [For completion] | D16: [For completion]
A17: SM.1.1.2 | B17: Social impact mortgage loans | C17: [For completion] | D17: [For completion]
A18: SM.1.1.3 | B18: other | C18: [For completion] | D18: [For completion]
A19: SM.1.1.4 | B19: Total sustainable mortgage loans | C19: =SUM(C16:C18) -> 0 | D19: =SUM(D16:D18) -> 0 | F19: =SUM(F16:F18) -> 0 | G19: =SUM(G16:G18) -> 0
A20: OSM.1.1.1 | B20: o/w [If relevant, please specify]
A21: OSM.1.1.2 | B21: o/w [If relevant, please specify]
A22: OSM.1.1.3 | B22: o/w [If relevant, please specify]
A23: OSM.1.1.4 | B23: o/w [If relevant, please specify]
A24: OSM.1.1.5 | B24: o/w [If relevant, please specify]
B25: 2. Additional information on the sustainable section of the mortgage stock
B26: 1. Sustainable Property Type Information | C26: Nominal (mn) | F26: % Total sustainable Mortgages
A27: SM.2.1.1 | B27: Residential | C27: [For completion] | F27: =IF($C$30=0,"",IF(C27="[For completion]","",C27/$C$30))
A28: SM.2.1.2 | B28: Commercial | C28: [For completion] | F28: =IF($C$30=0,"",IF(C28="[For completion]","",C28/$C$30))
A29: SM.2.1.3 | B29: Other | C29: [For completion] | F29: =IF($C$30=0,"",IF(C29="[For completion]","",C29/$C$30))
A30: SM.2.1.4 | B30: Total | C30: =SUM(C27:C29) -> 0 | F30: =SUM(F27:F29) -> 0
A31: OSM.2.1.1 | B31: o/w Forest & Agriculture | F31: =IF($C$30=0,"",IF(C31="[For completion]","",C31/$C$30))
A32: OSM.2.1.2 | B32: o/w EE residential | F32: =IF($C$30=0,"",IF(C32="[For completion]","",C32/$C$30))
A33: OSM.2.1.3 | B33: o/w EE commercial | F33: =IF($C$30=0,"",IF(C33="[For completion]","",C33/$C$30))
A34: OSM.2.1.4 | B34: o/w EE other | F34: =IF($C$30=0,"",IF(C34="[For completion]","",C34/$C$30))
A35: OSM.2.1.5 | B35: EE total | F35: =IF($C$30=0,"",IF(C35="[For completion]","",C35/$C$30))
A36: OSM.2.1.6 | B36: o/w Social residential | F36: =IF($C$30=0,"",IF(C36="[For completion]","",C36/$C$30))
A37: OSM.2.1.7 | B37: o/wSocial Commercial | F37: =IF($C$30=0,"",IF(C37="[For completion]","",C37/$C$30))
A38: OSM.2.1.8 | B38: o/w social other | F38: =IF($C$30=0,"",IF(C38="[For completion]","",C38/$C$30))
A39: OSM.2.1.9 | B39: social tot | F39: =IF($C$30=0,"",IF(C39="[For completion]","",C39/$C$30))
A40: OSM.2.1.10 | B40: o/w [If relevant, please specify]
A41: OSM.2.1.11 | B41: o/w [If relevant, please specify]
A42: OSM.2.1.12 | B42: o/w [If relevant, please specify]
A43: OSM.2.1.13 | B43: o/w [If relevant, please specify]
A44: OSM.2.1.14 | B44: o/w [If relevant, please specify]
A45: OSM.2.1.15 | B45: o/w [If relevant, please specify]
A46: OSM.2.1.16 | B46: o/w [If relevant, please specify]
A47: OSM.2.1.17 | B47: o/w [If relevant, please specify]
A48: OSM.2.1.18 | B48: o/w [If relevant, please specify]
B49: 2. General Information | C49: Residential Loans | D49: Commercial Loans | F49: Total sustainable Mortgages
A50: SM.2.2.1 | B50: Number of sustainable mortgage loans | C50: [For completion] | D50: [For completion] | F50: [For completion]
A51: OSM.2.2.1 | B51: Optional information eg, Number of borrowers
A52: OSM.2.2.2 | B52: Optional information eg, Number of guarantors
A53: OSM.2.2.3
A54: OSM.2.2.4
A55: OSM.2.2.5
A56: OSM.2.2.6
B57: 3. Concentration Risks | C57: % Residential Loans | D57: % Commercial Loans | F57: % Total Sustainable Mortgages
A58: SM.2.3.1 | B58: 10 largest exposures | C58: [For completion] | D58: [For completion] | F58: [For completion]
A59: OSM.2.3.1
A60: OSM.2.3.2
A61: OSM.2.3.3
A62: OSM.2.3.4
A63: OSM.2.3.5
A64: OSM.2.3.6
B65: 4. Breakdown by Geography | C65: % Residential Loans | D65: % Commercial Loans | F65: % Total Sustainable Mortgages
A66: SM.2.4.1 | B66: European Union | C66: =SUM(C67:C93) -> 0 | D66: =SUM(D67:D93) -> 0 | F66: =SUM(F67:F93) -> 0
A67: SM.2.4.2 | B67: Austria | C67: [For completion] | D67: [For completion] | F67: [For completion]
A68: SM.2.4.3 | B68: Belgium | C68: [For completion] | D68: [For completion] | F68: [For completion]
A69: SM.2.4.4 | B69: Bulgaria | C69: [For completion] | D69: [For completion] | F69: [For completion]
A70: SM.2.4.5 | B70: Croatia | C70: [For completion] | D70: [For completion] | F70: [For completion]
A71: SM.2.4.6 | B71: Cyprus | C71: [For completion] | D71: [For completion] | F71: [For completion]
A72: SM.2.4.7 | B72: Czechia | C72: [For completion] | D72: [For completion] | F72: [For completion]
A73: SM.2.4.8 | B73: Denmark | C73: [For completion] | D73: [For completion] | F73: [For completion]
A74: SM.2.4.9 | B74: Estonia | C74: [For completion] | D74: [For completion] | F74: [For completion]
A75: SM.2.4.10 | B75: Finland | C75: [For completion] | D75: [For completion] | F75: [For completion]
A76: SM.2.4.11 | B76: France | C76: [For completion] | D76: [For completion] | F76: [For completion]
A77: SM.2.4.12 | B77: Germany | C77: [For completion] | D77: [For completion] | F77: [For completion]
A78: SM.2.4.13 | B78: Greece | C78: [For completion] | D78: [For completion] | F78: [For completion]
... A93: SM.2.4.28 | B93: Sweden | C93: [For completion] | D93: [For completion] | F93: [For completion]
A94: SM.2.4.29 | B94: European Economic Area (not member of EU) | C94: =SUM(C95:C97) -> 0 | D94: =SUM(D95:D97) -> 0 | F94: =SUM(F95:F97) -> 0
A95: SM.2.4.30 | B95: Iceland | C95: [For completion] | D95: [For completion] | F95: [For completion]
A96: SM.2.4.31 | B96: Liechtenstein | C96: [For completion] | D96: [For completion] | F96: [For completion]
A97: SM.2.4.32 | B97: Norway | C97: [For completion] | D97: [For completion] | F97: [For completion]
A98: SM.2.4.33 | B98: Other | C98: =SUM(C99:C109) -> 0 | D98: =SUM(D99:D109) -> 0 | F98: =SUM(F99:F109) -> 0
A99: SM.2.4.34 | B99: Switzerland | C99: [For completion] | D99: [For completion] | F99: [For completion]
A100: SM.2.4.35 | B100: United Kingdom | C100: [For completion] | D100: [For completion] | F100: [For completion]
A101: SM.2.4.36 | B101: Australia | C101: [For completion] | D101: [For completion] | F101: [For completion]
A102: SM.2.4.37 | B102: Brazil | C102: [For completion] | D102: [For completion] | F102: [For completion]
A103: SM.2.4.38 | B103: Canada | C103: [For completion] | D103: [For completion] | F103: [For completion]
A104: SM.2.4.39 | B104: Japan | C104: [For completion] | D104: [For completion] | F104: [For completion]
A105: SM.2.4.40 | B105: Korea | C105: [For completion] | D105: [For completion] | F105: [For completion]
A106: SM.2.4.41 | B106: New Zealand | C106: [For completion] | D106: [For completion] | F106: [For completion]
A107: SM.2.4.42 | B107: Singapore | C107: [For completion] | D107: [For completion] | F107: [For completion]
A108: SM.2.4.43 | B108: US | C108: [For completion] | D108: [For completion] | F108: [For completion]
A109: SM.2.4.44 | B109: Other | C109: [For completion] | D109: [For completion] | F109: [For completion]
A110: SM.2.4.45 | B110: o/w [If relevant, please specify]
A111: SM.2.4.46 | B111: o/w [If relevant, please specify]
A112: SM.2.4.47 | B112: o/w [If relevant, please specify]
A113: SM.2.4.48 | B113: o/w [If relevant, please specify]
A114: SM.2.4.49 | B114: o/w [If relevant, please specify]
A115: SM.2.4.50 | B115: o/w [If relevant, please specify]
A116: SM.2.4.51 | B116: o/w [If relevant, please specify]
A117: SM.2.4.52 | B117: o/w [If relevant, please specify]
A118: SM.2.4.53 | B118: o/w [If relevant, please specify]
A119: SM.2.4.54 | B119: o/w [If relevant, please specify]
...
